Construct Section Command Post
Selects Australian Defense Battlegroup
Selects Australian Light Infantry Section
Australian Light Infantry Section
Construct Platoon Command Post
6-pounder Anti-tank Gun Team
Selects CMP 15cwt Supply Run
Construct Company Command Post
Unlock Towed 17-pounder Anti-tank Guns
17-pounder Anti-tank Gun Team
Selects Defensive Tactics
Selects Artillery Trip Wire Flares
Unlock M3 Grant Medium Tanks
Selects Archer Tank Destroyer
Australian Light Infantry Section
17-pounder Anti-tank Gun Team